 Dungeon Crawl Stone Soup version 0.29-a0-194-g6e3aafee17 (webtiles) character file.

Game seed: 7551685963592540433

1433 fragbeetle the Quickloader (level 8, -1/75 HPs)
             Began as a Minotaur Hunter on Feb 23, 2022.
             Was an Initiate of Hepliaklqana.
             Slain by a killer bee (5 damage)
             ... on level 7 of the Dungeon.
             The game lasted 00:10:20 (6442 turns).

fragbeetle the Quickloader (Minotaur Hunter)        Turns: 6442, Time: 00:10:21

Health: -1/75      AC: 10    Str: 15 (18) XL:     8   Next: 45%
Magic:  7/7        EV:  9    Int:  6 (8)  God:    Hepliaklqana [......]
Gold:   285        SH:  5    Dex:  9 (12) Spells: 7/7 levels left

rFire   . . .      SeeInvis .   b - +1 mace "Vies" {flame, rElec rC- Will+}
rCold   x . .      Faith    .   (no shield)
rNeg    . . .      Spirit   .   r - +0 scale mail
rPois   .          Reflect  +   (helmet restricted)
rElec   +          Harm     .   (no cloak)
rCorr   .          Rampage  .   (no gloves)
Will    ++...                   (no boots)
Stlth   ..........              x - amulet of reflection
HPRegen 0.22/turn               g - ring of willpower
MPRegen 0.10/turn               n - +4 ring of protection

@: brilliant, flying, hasted, very quick
A: horns 2, retaliatory headbutt
a: Renounce Religion


You were on level 7 of the Dungeon.
You worshipped Hepliaklqana.
Hepliaklqana was noncommittal.
You visited 2 branches of the dungeon, and saw 8 of its levels.

You collected 285 gold pieces.

Inventory:

Hand Weapons
 a - a +1 hand crossbow
 b - the +1 mace "Vies" (weapon) {flame, rElec rC- Will+}
   (You found it on level 2 of the Dungeon)

   It burns those it strikes, dealing additional fire damage.
   rC:        It makes you vulnerable to cold.
   rElec:     It insulates you from electricity.
   Will:      It increases your willpower.
 i - a +2 dagger of venom
 o - a +2 dagger of speed
Missiles
 k - a throwing net (quivered)
 m - 25 poisoned darts
Armour
 e - a +0 ring mail
 r - a +0 scale mail (worn)
Jewellery
 g - a ring of willpower (left hand)
 n - a +4 ring of protection (right hand)
 s - a ring of magical power
 x - an amulet of reflection (around neck)
 A - an amulet of faith
Wands
 z - a wand of polymorph (5)
 F - a wand of digging (3)
Scrolls
 c - 5 scrolls of teleportation {unknown}
 d - 4 scrolls of amnesia {unknown}
 f - a scroll of fog {unknown}
 p - a scroll of enchant armour {unknown}
 q - 7 scrolls of identify {unknown}
 t - 2 scrolls of noise {unknown}
 u - a scroll of blinking {unknown}
 v - 2 scrolls of magic mapping {unknown}
 y - a scroll of acquirement {unknown}
 D - 2 scrolls of vulnerability {unknown}
Potions
 w - 3 potions of haste
 E - a potion of attraction {unknown}


   Skills:
 + Level 8.3 Fighting
 - Level 10.0 Crossbows
 - Level 2.1 Dodging
 - Level 0.7 Stealth


You had 7 spell levels left.
You didn't know any spells.
Your spell library was empty.

Dungeon Overview and Level Annotations

Branches:
Dungeon (7/15)             Temple (1/1) D:6

Altars:
Ashenzari
Cheibriados
Dithmenos
Elyvilon
Fedhas
Gozag
Hepliaklqana
Kikubaaqudgha
Makhleb
Nemelex Xobeh
Okawaru
Qazlal
Ru
Sif Muna
Trog
Uskayaw
Vehumet
Wu Jian
Xom
Yredelemnul
Zin
The Shining One

Shops:
D:5 [

Portals:
Abyss: D:6

Annotations:
D:2 1 runed translucent door, Crazy Yiuf
D:3 Grinder
D:6 2 transporters, drugrobin's ghost, novice DgWr


Innate Abilities, Weirdness & Mutations

You have a pair of horns on your head.
You reflexively headbutt those who attack you in melee.


Message History

The killer bee stings you.
* * * LOW HITPOINT WARNING * * *
The killer bee barely misses you. The killer bee barely misses you.
The killer bee stings you but does no damage.
You see here a +0 shortbow.
The killer bee stings you.
* * * LOW HITPOINT WARNING * * *
You are poisoned.
The killer bee poisons you!
You feel sick.
You feel sick.
You feel sick.
You feel sick. The killer bee stings you.
* * * LOW HITPOINT WARNING * * *
You feel sick.
You feel sick. The killer bee barely misses you.
You feel sick.
You feel sick.
You are no longer poisoned.
You block the killer bee's attack. x2
You see here a +0 club.
The killer bee barely misses you. The killer bee closely misses you.
You furiously retaliate!
You headbutt the killer bee!
The killer bee stings you but does no damage.
The killer bee stings you but does no damage.
The killer bee stings you.
* * * LOW HITPOINT WARNING * * *
There is a stone staircase leading down here.
You block the killer bee's attack.
You fly downwards.
You hear the hiss of flowing sand.
There is an entrance to an ossuary on this level.
Hurry and find it before the portal is buried!
Found a scroll labelled ASAVOKK YZASS.
There is a stone staircase leading up here.
It was a potion of brilliance.
You feel clever all of a sudden. The killer bee stings you.
You die...

#.....#
#.....#
#.?...#
#.....#
#......
#.....#
.##.....#
.Z....y@#
.......y.....#
.........#..##
.##......# ##
######.# ##


You could see 2 killer bees and a howler monkey skeleton.

Vanquished Creatures
  An ice beast (D:6)
  2 black bears
  A necrophage (D:4)
  3 centaurs (D:6)
  2 phantoms
  A kobold brigand (D:6)
  2 scorpions
  A water moccasin zombie (D:6)
  A killer bee (D:6)
  2 hounds (D:4)
  An orc priest (D:4)
  A jelly (D:4)
  An iguana (D:4)
  An orc wizard (D:6)
  3 gnolls (D:5)
  10 adders
  A river rat (D:6)
  2 adder skeletons
  3 worms (D:2)
  2 dart slugs
  15 orcs
  4 bats
  6 endoplasms
  5 goblins
  3 hobgoblins
  2 jackals (D:2)
  A quokka (D:3)
  6 ball pythons
  5 frilled lizards
  5 kobolds
  3 rats
96 creatures vanquished.

Vanquished Creatures (others)
  A killer bee (D:6)
1 creature vanquished.

Grand Total: 97 creatures vanquished

Notes
Turn   | Place    | Note
-------+----------+-------------------------------------------
     0 | D:1      | fragbeetle the Minotaur Hunter began the quest for the Orb.
     0 | D:1      | Reached XP level 1. HP: 18/18 MP: 0/0
   534 | D:1      | Reached XP level 2. HP: 20/25 MP: 1/1
   811 | D:1      | Reached skill level 5 in Crossbows
  1074 | D:2      | Reached XP level 3. HP: 27/30 MP: 2/2
  1237 | D:2      | Identified the +1 mace "Vies" {flame, rElec rC- Will+}
  1305 | D:2      | Reached skill level 6 in Crossbows
  1506 | D:2      | Found a runed translucent door.
  1507 | D:2      | Noticed Crazy Yiuf
  1857 | D:3      | Noticed Grinder
  1931 | D:3      | Noticed a phantom
  1935 | D:3      | Reached XP level 4. HP: 37/37 MP: 3/3
  1944 | D:3      | Killed a phantom
  1945 | D:3      | Reached skill level 7 in Crossbows
  1945 | D:3      | Reached XP level 5. HP: 39/42 MP: 4/4
  1999 | D:3      | Found a faded altar of an unknown god.
  2213 | D:4      | Reached skill level 8 in Crossbows
  2213 | D:4      | Reached XP level 6. HP: 50/50 MP: 5/5
  2810 | D:4      | Reached skill level 9 in Crossbows
  3142 | D:4      | Reached XP level 7. HP: 56/56 MP: 6/6
  3432 | D:5      | Entered Level 5 of the Dungeon
  4245 | D:5      | Found Nipocuh's Armour Shoppe.
  4770 | D:6      | Reached skill level 10 in Crossbows
  5012 | D:6      | Noticed Sigmund
  5013 | D:6      | Noticed Sigmund
  5013 | D:6      | Sigmund changed into Sigmund the river rat
  5020 | D:6      | Killed Sigmund the river rat
  5162 | D:6      | Reached skill level 5 in Fighting
  5267 | D:6      | Noticed a steam dragon
  5279 | D:6      | a steam dragon changed into a killer bee
  5286 | D:6      | Reached XP level 8. HP: 13/70 MP: 7/7
  5718 | D:6      | Found a transporter.
  5722 | D:6      | Found an opulent altar of Gozag.
  5821 | D:6      | Found a transporter.
  5822 | D:6      | Found a one-way gate to the infinite horrors of the Abyss.
  5822 | D:6      | Noticed drugrobin's ghost (novice DgWr)
  5907 | D:6      | Found a staircase to the Ecumenical Temple.
  5929 | Temple   | Entered the Ecumenical Temple
  6258 | Temple   | Became a worshipper of Hepliaklqana the Forgotten
  6439 | D:6      | HP: 3/75 [killer bee (3)]
  6442 | D:7      | Slain by a killer bee

Illustrated notes

Levels and vault maps discovered:
D:1:      roderic_crop_circles_arrival_small, layout_basic, patterned_corridor
D:2:      layout_basic, uniq_crazy_yiuf_cottage
D:3:      layout_loops_ring, hellmonk_ecumenical_altar_lost_god,
          serial_bayou_pond_b, kennysheep_generic_room_2, uniq_grinder
D:4:      layout_loops_corners, bh_walls_and_bars
D:5:      layout_layer_cave, serial_shops, shop
D:6:      layout_rooms, nicolae_gozag_seed_capital,
          minmay_temple_entry_crystal_x, gammafunk_ghost_abyssal_escape,
          kennysheep_generic_room_8, uniq_sigmund
D:7:      layout_gridville, nicolae_ossuary_entry_monument
Temple:   mainiacjoe_temple_circle_huts

Skill      XL: |  1  2  3  4  5  6  7  8 |
---------------+-------------------------+-----
Crossbows      | 5 6 7 8 9 10 | 10.0
Fighting       | 5 8 |  8.3
Dodging        | |  2.1
Stealth        | |  0.7

Action                   |  1- 3 |  4- 6 |  7- 9 || total
-------------------------+-------+-------+-------++-------
Melee: Mace              |     4 |    26 |    83 ||   113
       Headbutt          |       |     3 |     8 ||    11
       Punch             |       |       |     1 ||     1
 Fire: Hand crossbow     |    93 |    56 |    73 ||   222
Evoke: Wand              |       |       |     2 ||     2
  Use: Potion            |       |     2 |     7 ||     9
Armor: Ring mail         |    19 |     8 |       ||    27
       Scale mail        |       |    23 |    87 ||   110
Dodge: Dodged            |    30 |    33 |    62 ||   125
Block: Other             |       |       |    34 ||    34
       Reflection        |       |       |     4 ||     4

Table legend: (Time is in decaauts)
 A = Elapsed time spent in this place.
 B = Non-inter-level travel time spent in this place.
 C = Inter-level travel time spent in this place.
 D = Time resting spent in this place.
 E = Time spent auto-exploring this place.
 F = Levels seen in this place.
 G = Mean time per level.
                   A        B        C        D        E       F      G
               +--------+--------+--------+--------+--------+-----+--------+
         Total |   6514 |   6304 |    210 |    587 |   4850 |   8 |  814.2 |
       Dungeon |   6162 |   5973 |    189 |    587 |   4550 |   7 |  880.3 |
        Temple |    351 |    330 |     21 |      0 |    300 |   1 |  351.0 |
               +--------+--------+--------+--------+--------+-----+--------+

Top non-repeatable levels by time:
     D:5: 1448 daAuts
     D:4: 1360 daAuts
     D:6: 1227 daAuts
     D:1: 999 daAuts
     D:2: 916 daAuts
  Temple: 351 daAuts
     D:3: 209 daAuts
     D:7: 0 daAuts
